 Dungeon Crawl Stone Soup version 0.29-a0-721-g7f417c9bbb (webtiles) character file.

Game seed: 16335461731192136297

16 xian the Shooter (level 2, -3/19 HPs)
             Began as a Demonspawn Wanderer on June 28, 2022.
             Slain by a worm (9 damage)
             ... on level 1 of the Dungeon.
             The game lasted 00:03:12 (1059 turns).

xian the Shooter (Demonspawn Wanderer)              Turns: 1059, Time: 00:03:12

Health: -3/19      AC:  3    Str: 10    XL:     2   Next: 37%
Magic:  3/3        EV: 12    Int: 13    God:
Gold:   50         SH:  0    Dex: 14    Spells: 0/3 levels left

rFire   . . .      SeeInvis .   c - +0 dagger
rCold   . . .      Faith    .   (no shield)
rNeg    . . .      Spirit   .   h - +0 leather armour
rPois   .          Reflect  .   (no helmet)
rElec   .          Harm     .   (no cloak)
rCorr   .          Rampage  .   (no gloves)
Will    .....                   (no boots)
Stlth   +.........              (no amulet)
HPRegen 0.06/turn               (no ring)
MPRegen 0.08/turn               (no ring)

@: about to teleport
A: repulsion field 1
a: no special abilities


You were on level 1 of the Dungeon.
You visited 1 branch of the dungeon, and saw 2 of its levels.

You collected 50 gold pieces.

Inventory:

Hand Weapons
 a - a +0 sling
 c - a +0 dagger (weapon)
Missiles
 b - 9 poisoned darts (quivered)
Armour
 e - a +0 robe
 h - a +0 leather armour (worn)
Scrolls
 g - a scroll of enchant armour {unknown}
Potions
 d - a potion of berserk rage
 j - a potion of haste {unknown}


   Skills:
 + Level 0.3 Fighting
 + Level 4.2 Ranged Weapons
 + Level 1.7 Throwing
 + Level 1.0 Spellcasting
 + Level 1.7 Translocations
 + Level 1.0 Evocations


You couldn't memorise any spells.
You knew the following spells:

 Your Spells              Type           Power      Damage    Failure   Level
a - Apportation           Tloc           10%        N/A       19%         1
b - Blink                 Tloc           10%        N/A       28%         2

Your spell library contained the following spells:

 Spells                   Type           Power      Damage    Failure   Level
 Teleport Other           Tloc           5%         N/A       50%         3
 Conjure Flame            Conj/Fire      0%         6-21      75%         3
 Ignite Poison            Fire/Tmut/Pois 0%         N/A       75%         3
 Sticky Flame             Conj/Fire      0%         2d3       98%         4


Dungeon Overview and Level Annotations

Branches:
Dungeon (2/15)

Altars:


Innate Abilities, Weirdness & Mutations

You are surrounded by a mild repulsion field. (EV +2)


Message History

You shoot a sling bullet.
The sling bullet hits the giant cockroach but does no damage.
The giant cockroach is moderately wounded.
The giant cockroach bites you. x2
You shoot a sling bullet.
The sling bullet hits the giant cockroach.
You kill the giant cockroach!
No target in view!
You see here a giant cockroach corpse.
j - a fuming yellow potion You see here a giant cockroach corpse.
You see here a +0 robe.
Done exploring.
Done exploring.
There is a stone staircase leading down here.
You climb downwards.
Found a scroll labelled SONWUA QUIKA.
There is a stone staircase leading up here.
You shoot a sling bullet.
The sling bullet hits the worm but does no damage.
You shoot a sling bullet.
The sling bullet closely misses the rat.
The rat barely misses you. The rat closely misses you. The worm bites you!
Ouch! That really hurt!
You climb upwards.
There is a stone staircase leading down here.
The air fills with toxic fumes!
As you read the scroll labelled JEEXIX SUMPU, it crumbles to dust.
It was a scroll of poison.
The rat barely misses you.
As you read the scroll labelled WOSKAN KUUFUON, it crumbles to dust.
You feel strangely unstable.
It was a scroll of teleportation.
The rat bites you but does no damage. The worm bites you.
Fire: a) +0 sling
Press: ? - help, Q - select action, (/) - cycle Shift-Dir - straight line, f - you
Okay, then.
c - a +0 dagger (weapon)
Unknown command.
You barely miss the worm. The rat closely misses you. The worm bites you!
You die...

###
#############§#
#...........§§#
#.###########§#
#.# #...# #§# #.#
#.#.# #§# #.#
#.#.# #§### #.#
#.#.#
#r§§######## #.#
#.#.#
#@w§§§§§§..## #.#
#.#.#
###§######..#
#.#####.#.# #.#
##.# #.#...#.#†#
#.# #.##
#.#..##.#.#
#.##### #..#####
#.#...#.#.#
#.#...####......
#.#...#.#.#
#...#..##....##.
#.#...#.#.#
######.......##.
#.#†..#.#.#######
#####.##..#


You could see a worm and a rat.

Vanquished Creatures
  An endoplasm (D:1)
  A giant cockroach (D:1)
  5 hobgoblins (D:1)
  A quokka (D:1)
  A ball python (D:1)
  A bat (D:1)
  A frilled lizard (D:1)
  2 goblins (D:1)
  A kobold (D:1)
  A rat (D:1)
15 creatures vanquished.

Notes
Turn   | Place    | Note
-------+----------+-------------------------------------------
     0 | D:1      | xian the Demonspawn Wanderer began the quest for the Orb.
     0 | D:1      | xian set off with the following items: a +0 sling, 9
                  | poisoned darts, a +0 dagger, a potion of berserk rage, a +0
                  | robe; and the following spell memorised: Apportation; and
                  | the following spells available to memorise: Blink, Teleport
                  | Other.
     0 | D:1      | Reached XP level 1. HP: 13/13 MP: 2/2
    77 | D:1      | Reached skill level 4 in Ranged Weapons
   421 | D:1      | Gained mutation: You are surrounded by a mild repulsion
                  | field. (EV +2) [demonic ancestry]
   421 | D:1      | Reached XP level 2. HP: 19/19 MP: 3/3
   425 | D:1      | Learned a level 2 spell: Blink
  1059 | D:1      | Slain by a worm

Illustrated notes

Levels and vault maps discovered:
D:1:      lightli_iron_boxes, layout_basic, roderic_filled_cross
D:2:      minmay_wonky_spiral, layout_rooms, basic_ecumenical_altar,
          grunt_ministairs_1, uniq_jessica

Skill      XL: |  1 |
---------------+----+-----
Ranged Weapons | 4 |  4.2
Fighting       | |  0.3
Throwing       | |  1.7
Spellcasting   | |  1.0
Translocations | |  1.7
Evocations     | |  1.0

Action                   || total
-------------------------++-------
Melee: Dagger            ||     2
 Fire: Sling             ||    52
Throw: Dart              ||     1
  Use: Scroll            ||     2
Armor: Robe              ||     2
       Leather armour    ||     3
Dodge: Dodged            ||    21

Table legend: (Time is in decaauts)
 A = Elapsed time spent in this place.
 B = Non-inter-level travel time spent in this place.
 C = Inter-level travel time spent in this place.
 D = Time resting spent in this place.
 E = Time spent auto-exploring this place.
 F = Levels seen in this place.
 G = Mean time per level.
                   A        B        C        D        E       F      G
               +--------+--------+--------+--------+--------+-----+--------+
         Total |   1070 |   1061 |      9 |      9 |    909 |   2 |  535.0 |
       Dungeon |   1070 |   1061 |      9 |      9 |    909 |   2 |  535.0 |
               +--------+--------+--------+--------+--------+-----+--------+

Top non-repeatable levels by time:
     D:1: 1065 daAuts
     D:2: 4 daAuts
